 Dungeon Crawl Stone Soup version 0.29.0-4-gdea44cf6ec (webtiles) character file.

Game seed: 7929056389735923913

93 qw the Chopper (level 4, -8/39 HPs)
             Began as a Minotaur Fighter on Sept 8, 2022.
             Killed by nerve-wracking pain
             ... invoked by Grinder
              (12 damage)
             ... on level 3 of the Dungeon.
             The game lasted 00:00:53 (1974 turns).

qw the Chopper (Minotaur Fighter)                   Turns: 1974, Time: 00:00:54

Health: -8/39      AC: 14    Str: 24    XL:     4   Next: 36%
Magic:  3/3        EV:  9    Int: 10    God:
Gold:   117        SH:  5    Dex: 10    Spells: 3/3 levels left

rFire   . . .      SeeInvis .   Y - +0 war axe
rCold   . . .      Faith    .   a - +1 buckler of Privacy {rElec Int+5}
rNeg    . . .      Spirit   .   m - +8 scale mail of a ziggurat {Rampage Str+2}
rPois   .          Reflect  .   (helmet restricted)
rElec   +          Harm     .   (no cloak)
rCorr   .          Rampage  +   (no gloves)
Will    .....                   (no boots)
Stlth   ..........              (no amulet)
HPRegen 0.13/turn               (no ring)
MPRegen 0.08/turn               (no ring)

@: no status effects
A: horns 2, retaliatory headbutt
a: no special abilities


You were on level 3 of the Dungeon.
You visited 1 branch of the dungeon, and saw 3 of its levels.

You collected 117 gold pieces.


Innate Abilities, Weirdness & Mutations

You have a pair of horns on your head.
You reflexively headbutt those who attack you in melee.


   Skills:
 - Level 3.6 Fighting
 + Level 5.4 Axes
 - Level 3.6 Armour
 - Level 1.0 Dodging
 - Level 3.6 Shields


You had 3 spell levels left.
You didn't know any spells.
Your spell library was empty.

Inventory:

Hand Weapons
 k - a +0 whip
 Y - a +0 war axe (weapon)
Missiles
 i - 6 boomerangs (quivered)
Armour
 a - the +1 buckler of Privacy (worn) {rElec Int+5}
   (You acquired it on level 2 of the Dungeon)

   Int:       It affects your intelligence (+5).
   rElec:     It insulates you from electricity.
 m - the +8 scale mail of a ziggurat (worn) {Rampage Str+2}
   (You found it on level 2 of the Dungeon)

   Str:       It affects your strength (+2).
   Rampage:   It bestows one free step when moving towards enemies.
Potions
 d - a potion of might
 f - a potion of lignification {unknown}
 g - a potion of heal wounds {unknown}
 h - a potion of curing {unknown}
 l - a potion of cancellation {unknown}

Dungeon Overview and Level Annotations

Branches:
Dungeon (3/15)

Altars:
Fedhas

Annotations:
D:3 Grinder


Message History

You slash the iguana! Your headbutt misses the iguana.
The iguana is heavily wounded.
You closely miss the bat. The bat hits you but does no damage.
The iguana bites you. The bat closely misses you. You furiously retaliate!
You headbutt the bat!
You kill the bat!
You hit the iguana. Your headbutt misses the iguana.
The iguana is severely wounded.
You hit Grinder but do no damage. Grinder barely misses you.
You furiously retaliate!
You headbutt Grinder! You block the iguana's attack.
Grinder blinks!
The iguana barely misses you.
You slash the iguana!
You kill the iguana!
Grinder blinks!
You have reached level 4!
You feel agile.
You see here a bat corpse.
You rampage towards Grinder!
Grinder gestures at you.
You suddenly lose the ability to move!
Grinder says, "Mostly I couldn't keep them alive."
Grinder hits you.
You writhe in agony.
You can move again.
You barely miss Grinder.
Grinder is moderately wounded.
Grinder gestures at you. Pain shoots through your body!
You slash Grinder!
Grinder is moderately wounded.
Grinder hits you.
You writhe in agony.
You slash Grinder! You headbutt Grinder.
Grinder is almost dead.
Grinder blinks!
Grinder blinks!
Grinder gestures at you. Pain shoots through your body!
You closely miss Grinder.
Grinder is almost dead.
Grinder gestures at you. Pain shoots through your body!
You die...

... ..# .. ...... .
#... ..##.# ... ....
#.##.# ....
...###.##.# .....
#.....##$#####.....
#..................
#...>.......%.#...
#.##....5@...%........
#......<..........#..#
#.##...%..........# #
#......>.......#
#..............#
...............##
.##......#.....## #
#.....######## ......#


You could see Grinder.

Vanquished Creatures
  An iguana (D:3)
  3 worms (D:2)
  A dart slug (D:1)
  An orc (D:2)
  2 ball pythons (D:1)
  6 endoplasms
  2 giant cockroaches
  6 goblins
  5 hobgoblins
  4 jackals (D:2)
  5 quokkas
  3 bats
  3 frilled lizards
  5 kobolds
  2 rats (D:2)
49 creatures vanquished.

Notes
Turn   | Place    | Note
-------+----------+-------------------------------------------
     0 | D:1      | qw the Minotaur Fighter began the quest for the Orb.
     0 | D:1      | Reached XP level 1. HP: 19/19 MP: 0/0
     0 | D:1      | 0 ||| qw: Version: 0.1-a-112-g44dc6cd
     0 | D:1      | 0 ||| qw: Game counter: 6683
     0 | D:1      | 0 ||| qw: Always use a shield: true
     0 | D:1      | 0 ||| qw: God list: Ru
     0 | D:1      | 0 ||| qw: Allow faded altars: false
     0 | D:1      | 0 ||| qw: Do Orc after D:15 true
     0 | D:1      | 0 ||| qw: Do second Lair branch before Depths: true
     0 | D:1      | 0 ||| qw: Lair rune preference: random
     0 | D:1      | 0 ||| qw: Plans: Normal
     0 | D:1      | 0 ||| PLANNING D:1-11
   173 | D:1      | Reached skill level 3 in Axes
   195 | D:1      | Reached XP level 2. HP: 26/26 MP: 1/1
   321 | D:1      | Found a faded altar of an unknown god.
   511 | D:1      | 511 ||| DROPPING +0 club.
   518 | D:1      | Reached skill level 4 in Axes
   819 | D:1      | Reached XP level 3. HP: 29/31 MP: 2/2
  1051 | D:1      | 1051 ||| READING scroll labelled RIFELA YNNEC.
  1052 | D:1      | 1052 ||| READING scroll labelled NUNU CIHIKKI.
  1053 | D:1      | 1053 ||| READING scroll labelled KOFUEKH BIAM.
  1056 | D:1      | 1056 ||| READING scroll labelled OCZUUKIDEON.
  1182 | D:2      | 1182 ||| FLEEEEING.
  1183 | D:2      | 1183 ||| FLEEEEING.
  1185 | D:2      | 1185 ||| FLEEEEING.
  1186 | D:2      | 1186 ||| FLEEEEING.
  1187 | D:2      | 1187 ||| FLEEEEING.
  1248 | D:2      | 1248 ||| Stepping ~*~*~tactically~*~*~ (stealth).
  1271 | D:2      | 1271 ||| Stepping ~*~*~tactically~*~*~ (stealth).
  1272 | D:2      | 1272 ||| Stepping ~*~*~tactically~*~*~ (stealth).
  1283 | D:2      | 1283 ||| Stepping ~*~*~tactically~*~*~ (stealth).
  1390 | D:2      | Found a blossoming altar of Fedhas.
  1487 | D:2      | Reached skill level 5 in Axes
  1613 | D:2      | Identified the +8 scale mail of a ziggurat {Rampage Str+2}
  1700 | D:2      | Reached skill level 1 in Dodging
  1896 | D:2      | 1896 ||| UPGRADING to +8 scale mail of a ziggurat {Rampage
                  | Str+2}.
  1906 | D:2      | 1906 ||| DROPPING +0 scale mail.
  1907 | D:2      | 1907 ||| READING scroll labelled ZEMER NEXY.
  1907 | D:2      | Identified a scroll of acquirement
  1907 | D:2      | 1907 ||| ACQUIRING +1 buckler of Privacy {rElec Int+5}
  1907 | D:2      | Acquired the +1 buckler of Privacy {rElec Int+5}
  1909 | D:2      | 1909 ||| UPGRADING to +1 buckler of Privacy {rElec Int+5}.
  1919 | D:2      | 1919 ||| DROPPING +0 buckler.
  1920 | D:2      | 1920 ||| READING scroll labelled EBEAT ATEMEMOA.
  1921 | D:2      | 1921 ||| READING 3 scrolls labelled LIASUESIAKH.
  1922 | D:2      | 1922 ||| DROPPING 2 scrolls of noise.
  1943 | D:3      | 1943 ||| PLANNING SEWER
  1951 | D:3      | Noticed Grinder
  1955 | D:3      | Paralysed by Grinder for 4 turns
  1963 | D:3      | Reached XP level 4. HP: 29/39 MP: 3/3
  1964 | D:3      | Paralysed by Grinder for 3 turns
  1972 | D:3      | HP: 4/39 [Grinder/nerve-wracking pain (8)]
  1974 | D:3      | Killed from afar by Grinder

Levels and vault maps discovered:
D:1:      minmay_arrival_split_and_join, layout_basic,
          hellmonk_ecumenical_altar_blasted, serial_glass, glass_columns_c,
          glass_columns_a, moated_statue, st_stairs_2, hangedman_decor_growths
D:2:      layout_basic, basic_altar
D:3:      layout_rooms, vehumet_altar_wand_db, gup_sewer_entry_glass,
          dk_noncrumbling_4, st_stairs_12, minmay_diced_spiral, uniq_robin,
          uniq_grinder, uniq_crazy_yiuf_cottage

Skill      XL: |  1  2  3 |
---------------+----------+-----
Axes           | 3 4 5 |  5.4
Dodging        | 1 |  1.0
Fighting       | |  3.6
Armour         | |  3.6
Shields        | |  3.6

Action                   |  1- 3 |  4- 6 || total
-------------------------+-------+-------++-------
Melee: War axe           |    96 |     4 ||   100
       Headbutt          |    11 |     1 ||    12
Throw: Boomerang         |    45 |       ||    45
  Use: Scroll            |     7 |       ||     7
Armor: Scale mail        |    40 |       ||    40
Dodge: Dodged            |    31 |       ||    31
Block: Buckler           |    15 |       ||    15

Table legend:
 A = Non-vault XP
 B = Vault XP
 C = Vault XP percentage of total XP
 D = Non-vault monster count
 E = Vault monster count
 F = Vault count percentage of total count
                 A         B        C        D         E       F
            +---------+---------+-------+---------+---------+-------
      Total |     130 |       3 |   2.3 |      47 |       2 |   4.1
            +---------+---------+-------+---------+---------+-------
        D:1 |      41 |       3 |   6.8 |      23 |       2 |   8.0
        D:2 |      49 |       0 |   0.0 |      21 |       0 |   0.0
        D:3 |      40 |       0 |   0.0 |       3 |       0 |   0.0
            +---------+---------+-------+---------+---------+-------
